[ AOE2 MATCH · #504956119 ]
UnrankedMalay vs Vietnamese
[ REPLAY ANALYSIS · EXTRACTED FROM THE RECORDED GAME ]
Feudal
7:35
Castle
21:00
Imperial
26:04
| APM avg | 47.9 |
| APM peak | 106 |
| eAPM avg | 23.6 |
| Villagers / military | 127 / 64 |
Focus
⚔️ 33.4% · 🌾 66.6%
Archer ×47 · Trebuchet (Packed) ×7 · Battle Elephant ×6 · Monk ×3 · Scout Cavalry ×1
Feudal
11:46
Castle
20:51
Imperial
32:24
| APM avg | 41.0 |
| APM peak | 66 |
| eAPM avg | 24.1 |
| Villagers / military | 102 / 66 |
Focus
⚔️ 39.0% · 🌾 61.0%
Knight ×47 · Battering Ram ×9 · Trebuchet (Packed) ×5 · Monk ×2 · Petard ×2 · Battle Elephant ×1
Match map
Initial resources + every placement click. Lines = walls · curves = elevation contours. ◆ gold · ⬟ stone · ● berries · ✦ relic · ◌ wall gap
Your base· ✓ Closed at 21:00 · 3t walls · 2 gate(s)
Twitch_Andy's base· ✓ Closed at 20:51 · 15t walls · 2 gate(s)
Smoothed initial terrain · ◌ = detected wall gap · hover for details
Inputs per minute
— 新竹 - - Twitch_Andy
Build order — 新竹
First 150 of 338 actions detected
| 0:00 | Queue | Villager (Male) |
| 0:01 | Queue | Villager (Male) |
| 0:01 | Queue | Villager (Male) |
| 0:04 | Build | House |
| 0:05 | Build | House |
| 0:15 | Queue | Villager (Male) |
| 0:15 | Queue | Villager (Male) |
| 1:19 | Queue | Villager (Male) |
| 1:19 | Queue | Villager (Male) |
| 1:44 | Build | Lumber Camp |
| 2:05 | Queue | Villager (Male) |
| 2:05 | Queue | Villager (Male) |
| 2:06 | Queue | Villager (Male) |
| 2:14 | Build | House |
| 2:40 | Queue | Villager (Male) |
| 2:40 | Queue | Villager (Male) |
| 3:19 | Queue | Villager (Male) |
| 3:19 | Queue | Villager (Male) |
| 3:20 | Queue | Villager (Male) |
| 4:29 | Queue | Villager (Male) |
| 4:29 | Queue | Villager (Male) |
| 4:29 | Queue | Villager (Male) |
| 4:29 | Queue | Villager (Male) |
| 4:50 | Queue | Villager (Male) |
| 4:50 | Queue | Villager (Male) |
| 4:52 | Build | Mining Camp |
| 5:08 | Queue | Villager (Male) |
| 5:08 | Queue | Villager (Male) |
| 5:36 | Build | House |
| 6:17 | Research | Feudal Age |
| 6:17 | Research | Feudal Age |
| 6:46 | Build | House |
| 7:02 | Queue | Villager (Male) |
| 7:35 | Age | Feudal Age |
| 7:50 | Build | Watch Tower |
| 7:53 | Research | Loom |
| 7:54 | Research | Loom |
| 7:58 | Queue | Villager (Male) |
| 8:07 | Research | Double-Bit Axe |
| 8:07 | Research | Double-Bit Axe |
| 8:26 | Queue | Villager (Male) |
| 8:56 | Queue | Villager (Male) |
| 8:56 | Queue | Villager (Male) |
| 8:57 | Queue | Villager (Male) |
| 9:00 | Build | Mill |
| 9:20 | Queue | Villager (Male) |
| 9:20 | Queue | Villager (Male) |
| 9:20 | Queue | Villager (Male) |
| 9:27 | Build | House |
| 9:28 | Build | House |
| 9:52 | Queue | Villager (Male) |
| 9:52 | Queue | Villager (Male) |
| 9:53 | Queue | Villager (Male) |
| 10:15 | Queue | Villager (Male) |
| 10:15 | Queue | Villager (Male) |
| 10:23 | Research | Horse Collar |
| 10:23 | Research | Horse Collar |
| 10:45 | Queue | Villager (Male) |
| 10:45 | Queue | Villager (Male) |
| 10:46 | Queue | Villager (Male) |
| 10:48 | Build | Farm |
| 10:48 | Build | Farm |
| 11:14 | Queue | Villager (Male) |
| 11:14 | Queue | Villager (Male) |
| 11:21 | Queue | Villager (Male) |
| 11:39 | Build | Watch Tower |
| 11:54 | Queue | Villager (Male) |
| 11:54 | Queue | Villager (Male) |
| 11:55 | Queue | Villager (Male) |
| 11:59 | Build | Blacksmith |
| 12:13 | Build | House |
| 12:55 | Queue | Villager (Male) |
| 12:55 | Queue | Villager (Male) |
| 12:55 | Queue | Villager (Male) |
| 12:56 | Queue | Villager (Male) |
| 12:57 | Build | Farm |
| 12:59 | Build | Farm |
| 13:04 | Build | Watch Tower |
| 13:13 | Build | House |
| 13:14 | Build | Palisade Wall |
| 13:18 | Build | House |
| 13:22 | Build | House |
| 13:25 | Build | Palisade Wall |
| 13:32 | Queue | Villager (Male) |
| 13:33 | Queue | Villager (Male) |
| 13:33 | Queue | Villager (Male) |
| 13:34 | Build | Farm |
| 13:44 | Queue | Villager (Male) |
| 13:45 | Queue | Villager (Male) |
| 13:48 | Build | Farm |
| 13:49 | Build | Farm |
| 14:21 | Queue | Villager (Male) |
| 14:21 | Queue | Villager (Male) |
| 14:22 | Queue | Villager (Male) |
| 14:22 | Queue | Villager (Male) |
| 14:23 | Build | Farm |
| 14:25 | Build | Farm |
| 14:27 | Queue | Villager (Male) |
| 14:52 | Queue | Villager (Male) |
| 14:52 | Queue | Villager (Male) |
| 15:10 | Queue | Villager (Male) |
| 15:10 | Queue | Villager (Male) |
| 15:10 | Queue | Villager (Male) |
| 15:16 | Build | Farm |
| 15:17 | Build | Farm |
| 15:19 | Build | House |
| 15:20 | Build | House |
| 15:33 | Queue | Villager (Male) |
| 15:33 | Queue | Villager (Male) |
| 15:34 | Queue | Villager (Male) |
| 15:35 | Build | Mining Camp |
| 15:47 | Queue | Villager (Male) |
| 15:47 | Queue | Villager (Male) |
| 16:16 | Build | Watch Tower |
| 16:25 | Build | House |
| 16:27 | Build | House |
| 16:30 | Build | House |
| 16:32 | Build | House |
| 16:34 | Build | Palisade Wall |
| 16:43 | Queue | Villager (Male) |
| 17:18 | Build | Barracks |
| 17:24 | Queue | Villager (Male) |
| 17:28 | Build | Farm |
| 17:30 | Build | Farm |
| 18:25 | Build | Farm |
| 18:28 | Build | Farm |
| 18:29 | Build | Farm |
| 18:36 | Queue | Villager (Male) |
| 18:52 | Build | Stable |
| 19:24 | Research | Castle Age |
| 19:24 | Research | Castle Age |
| 19:46 | Build | Mining Camp |
| 19:48 | Queue | Scout Cavalry |
| 19:50 | Research | Gold Mining |
| 19:51 | Research | Gold Mining |
| 19:51 | Research | Gold Mining |
| 20:36 | Queue | Villager (Male) |
| 21:00 | Age | Castle Age |
| 21:03 | Build | Siege Workshop |
| 21:11 | Build | University |
| 21:16 | Queue | Villager (Male) |
| 21:37 | Queue | Battle Elephant |
| 21:44 | Build | Monastery |
| 21:50 | Build | House |
| 21:53 | Build | House |
| 22:07 | Queue | Battle Elephant |
| 22:18 | Queue | Monk |
| 22:18 | Queue | Monk |
| 22:18 | Queue | Monk |
| 22:30 | Queue | Villager (Male) |
Build order — Twitch_Andy
First 150 of 283 actions detected
| 0:01 | Queue | Villager (Male) |
| 0:01 | Queue | Villager (Male) |
| 0:02 | Build | House |
| 0:02 | Build | House |
| 0:03 | Queue | Villager (Male) |
| 0:03 | Queue | Villager (Male) ×2 |
| 1:30 | Queue | Villager (Male) |
| 1:30 | Queue | Villager (Male) |
| 1:46 | Queue | Villager (Male) |
| 1:46 | Queue | Villager (Male) |
| 2:09 | Build | Lumber Camp |
| 2:23 | Queue | Villager (Male) |
| 2:23 | Queue | Villager (Male) |
| 2:55 | Queue | Villager (Male) |
| 3:07 | Queue | Villager (Male) |
| 3:08 | Queue | Villager (Male) |
| 3:08 | Queue | Villager (Male) |
| 3:30 | Build | House |
| 3:53 | Queue | Villager (Male) |
| 3:53 | Queue | Villager (Male) |
| 4:02 | Build | House |
| 4:43 | Build | Mill |
| 4:48 | Queue | Villager (Male) |
| 4:48 | Queue | Villager (Male) |
| 5:20 | Queue | Villager (Male) |
| 5:20 | Queue | Villager (Male) |
| 5:34 | Queue | Villager (Male) |
| 6:10 | Queue | Villager (Male) |
| 6:21 | Build | Lumber Camp |
| 6:22 | Queue | Villager (Male) |
| 6:44 | Queue | Villager (Male) |
| 6:51 | Build | House |
| 7:28 | Build | Farm |
| 7:43 | Build | Mining Camp |
| 7:49 | Queue | Villager (Male) |
| 8:03 | Research | Feudal Age |
| 8:12 | Research | Loom |
| 8:12 | Queue | Villager (Male) |
| 8:12 | Queue | Villager (Male) |
| 8:15 | Build | Palisade Wall |
| 8:24 | Build | Palisade Wall |
| 8:50 | Build | Palisade Wall |
| 8:53 | Build | Palisade Wall |
| 8:59 | Research | Feudal Age |
| 9:31 | Build | Farm |
| 9:37 | Queue | Villager (Male) |
| 10:03 | Build | Farm |
| 10:22 | Build | Palisade Wall |
| 10:48 | Build | Palisade Wall |
| 10:50 | Build | Palisade Wall |
| 10:56 | Build | Palisade Wall |
| 11:46 | Age | Feudal Age |
| 11:47 | Build | Watch Tower |
| 11:49 | Queue | Villager (Male) |
| 11:52 | Build | Blacksmith |
| 11:55 | Build | House |
| 12:08 | Build | Stone Wall |
| 12:27 | Build | Stone Wall |
| 12:46 | Research | Fletching |
| 12:48 | Queue | Villager (Male) |
| 13:10 | Queue | Villager (Male) |
| 13:41 | Queue | Villager (Male) |
| 13:43 | Queue | Villager (Male) |
| 13:46 | Build | Mining Camp |
| 14:06 | Build | Farm |
| 14:09 | Build | Farm |
| 14:10 | Research | Double-Bit Axe |
| 14:11 | Research | Horse Collar |
| 14:11 | Research | Horse Collar |
| 14:22 | Build | Mining Camp |
| 14:26 | Build | Market |
| 14:29 | Build | Farm |
| 14:35 | Build | Farm |
| 14:36 | Queue | Villager (Male) |
| 14:37 | Queue | Villager (Male) |
| 14:50 | Build | Farm |
| 14:56 | Build | House |
| 15:05 | Build | Farm |
| 15:06 | Build | Farm |
| 15:25 | Build | House |
| 15:27 | Queue | Villager (Male) |
| 15:43 | Queue | Villager (Male) |
| 15:46 | Build | Farm |
| 15:54 | Build | House |
| 16:16 | Build | Watch Tower |
| 16:19 | Build | Stone Wall |
| 16:31 | Build | Stone Wall |
| 17:05 | Queue | Villager (Male) |
| 17:06 | Queue | Villager (Male) |
| 17:38 | Build | Farm |
| 17:48 | Build | Barracks |
| 18:11 | Research | Castle Age |
| 18:11 | Research | Castle Age |
| 18:36 | Build | Stable |
| 19:28 | Build | House |
| 19:37 | Build | House |
| 19:38 | Build | House |
| 20:24 | Queue | Villager (Male) |
| 20:24 | Queue | Villager (Male) |
| 20:51 | Age | Castle Age |
| 20:52 | Queue | Villager (Male) |
| 20:55 | Queue | Battle Elephant |
| 20:56 | Queue | Knight |
| 20:57 | Queue | Knight |
| 21:06 | Build | Monastery |
| 21:08 | Queue | Villager (Male) |
| 21:11 | Build | Town Center |
| 21:18 | Queue | Villager (Male) |
| 21:18 | Queue | Villager (Male) |
| 21:20 | Research | Bow Saw |
| 21:37 | Build | Stone Wall |
| 21:39 | Build | Stone Wall |
| 21:39 | Build | Stone Wall |
| 21:47 | Queue | Knight |
| 22:05 | Queue | Monk |
| 22:05 | Queue | Monk |
| 22:21 | Build | Siege Workshop |
| 22:27 | Queue | Villager (Male) |
| 22:27 | Queue | Villager (Male) |
| 22:39 | Queue | Villager (Male) |
| 22:39 | Queue | Villager (Male) |
| 22:39 | Queue | Villager (Male) |
| 22:41 | Queue | Villager (Male) |
| 22:46 | Build | Farm |
| 22:57 | Build | House |
| 23:04 | Queue | Villager (Male) |
| 23:04 | Queue | Villager (Male) |
| 23:25 | Queue | Villager (Male) |
| 23:26 | Queue | Villager (Male) |
| 23:51 | Build | Castle |
| 24:07 | Queue | Villager (Male) |
| 24:07 | Queue | Villager (Male) |
| 24:23 | Queue | Villager (Male) |
| 24:23 | Queue | Villager (Male) |
| 24:29 | Queue | Villager (Male) |
| 24:30 | Queue | Villager (Male) |
| 24:40 | Build | Farm |
| 24:43 | Build | Farm |
| 24:44 | Build | Farm |
| 24:46 | Build | Farm |
| 24:49 | Build | Farm |
| 24:49 | Build | Farm |
| 24:51 | Build | Farm |
| 24:52 | Build | Farm |
| 24:53 | Queue | Villager (Male) |
| 24:53 | Queue | Villager (Male) |
| 24:53 | Queue | Villager (Male) |
| 25:11 | Build | Lumber Camp |
| 25:18 | Build | Town Center |
| 25:22 | Queue | Villager (Male) |
Match timeline
| 7:35 | 新竹 · age_up feudal |
| 8:15 | Twitch_Andy · wall_segment Palisade Wall x7 |
| 8:24 | Twitch_Andy · wall_segment Palisade Wall x1 |
| 8:50 | Twitch_Andy · wall_segment Palisade Wall x1 |
| 8:53 | Twitch_Andy · wall_segment Palisade Wall x1 |
| 10:22 | Twitch_Andy · wall_segment Palisade Wall x1 |
| 10:48 | Twitch_Andy · wall_segment Palisade Wall x1 |
| 10:50 | Twitch_Andy · wall_segment Palisade Wall x1 |
| 10:56 | Twitch_Andy · wall_segment Palisade Wall x1 |
| 11:46 | Twitch_Andy · age_up feudal |
| 12:08 | Twitch_Andy · wall_segment Stone Wall x1 |
| 12:27 | Twitch_Andy · wall_segment Stone Wall x1 |
| 13:14 | 新竹 · wall_segment Palisade Wall x1 |
| 13:25 | 新竹 · wall_segment Palisade Wall x1 |
| 16:19 | Twitch_Andy · wall_segment Stone Wall x1 |
| 16:31 | Twitch_Andy · wall_segment Stone Wall x1 |
| 16:34 | 新竹 · wall_segment Palisade Wall x1 |
| 17:18 | 新竹 · first_building Barracks |
| 17:48 | Twitch_Andy · first_building Barracks |
| 18:05 | Twitch_Andy · first_market_buy 100 food |
| 18:05 | Twitch_Andy · first_market_sell 100 wood |
| 18:36 | Twitch_Andy · first_building Stable |
| 18:52 | 新竹 · first_building Stable |
| 20:51 | Twitch_Andy · age_up castle |
| 21:00 | 新竹 · age_up castle |
| 21:03 | 新竹 · first_building Siege Workshop |
| 21:06 | Twitch_Andy · first_building Monastery |
| 21:37 | Twitch_Andy · wall_segment Stone Wall x1 |
| 21:39 | Twitch_Andy · wall_segment Stone Wall x1 |
| 21:39 | Twitch_Andy · wall_segment Stone Wall x1 |
| 21:44 | 新竹 · first_building Monastery |
| 22:21 | Twitch_Andy · first_building Siege Workshop |
| 23:12 | 新竹 · first_building Archery Range |
| 23:51 | Twitch_Andy · first_building Castle |
| 25:13 | 新竹 · first_building Castle |
| 25:54 | 新竹 · wall_segment Palisade Wall x1 |
| 26:04 | 新竹 · age_up imperial |
| 27:29 | 新竹 · first_market_sell 100 stone |
| 32:14 | 新竹 · wall_segment Stone Wall x2 |
| 32:24 | Twitch_Andy · age_up imperial |
| 37:30 | Twitch_Andy · resign |
[ AI ANALYSIS · 1 CREDIT ]
What really happened in this match?
Wolo.gg analyzes every decision: build order, eco, micro, common mistakes by bracket. Personalized analysis on WhatsApp or Discord in 30 seconds.
Civ guide
Malay
Perfil
新竹